 Dungeon Crawl Stone Soup version 0.17-a0-2064-g265a032 (webtiles) character file.

1823 inmateoo the Conjurer (level 8, -6/57 HPs)
             Began as a Demigod Conjurer on Oct 13, 2015.
             Mangled by an orc warrior
             ... wielding a +0 war axe
              (10 damage)
             ... on level 7 of the Dungeon.
             The game lasted 00:16:46 (6564 turns).

inmateoo the Conjurer (Demigod Conjurer)            Turns: 6564, Time: 00:16:46

Health: -6/57      AC:  4    Str: 11    XL:     8   Next: 55%
Magic:  1/18       EV: 10    Int: 23    God:
Gold:   262        SH:  0    Dex: 16    Spells: 4 memorised, 5 levels left

rFire  . . .     SeeInvis +     D - +4 morningstar (holy)
rCold  + . .     Clarity  .     a - +1 robe
rNeg   . . .     SustAt   +     (no shield)
rPois  .         Gourm    .     (no helmet)
rElec  .         Spirit   .     (no cloak)
rCorr  .         Warding  .     E - +0 pair of gloves
rMut   .         Stasis   .     (no boots)
MR     .....                    (no amulet)
Stlth  +++.......               y - ring of protection from cold
                                r - ring of see invisible

@: drained, not resistant to hostile enchantments, fairly stealthy
A: high mp 1, sustain attributes
a: no special abilities


You were on level 7 of the Dungeon.
You were not hungry.

You visited 1 branch of the dungeon, and saw 7 of its levels.

You collected 382 gold pieces.
You spent 120 gold pieces at shops.

Inventory:

Hand Weapons
 g - a +1 dagger of venom
 i - a +2 mace of protection
 D - a +4 morningstar of holy wrath (weapon)
Missiles
 o - 49 poisoned needles
Armour
 a - a +1 robe (worn)
 E - a +0 pair of gloves (worn)
Jewellery
 j - an uncursed ring of flight
 l - an uncursed ring of fire
 q - an uncursed ring of protection from cold
 r - a ring of see invisible (left hand)
 y - a ring of protection from cold (right hand)
Wands
 d - a wand of magic darts (7)
 e - a wand of random effects (44)
 t - a wand of fireball (10)
 u - a wand of enslavement (11)
 z - a wand of magic darts (18)
Scrolls
 c - a scroll of identify
 h - a scroll of magic mapping
 m - 2 scrolls of teleportation
 x - a scroll of enchant armour
 A - a scroll of remove curse
 C - a scroll of fear
Potions
 k - a potion of flight {unknown}
 n - 2 potions of invisibility {unknown}
 s - a potion of berserk rage {unknown}
 v - a potion of poison {unknown}
 w - a potion of beneficial mutation {unknown}
Books
 b - a book of Conjurations

   Spells                             Type                      Level
   a - Magic Dart                     Conjuration                  1
   b - Searing Ray                    Conjuration                  2
   c - Dazzling Spray                 Conjuration/Hexes            3
   d - Fulminant Prism                Conjuration/Hexes            4
   e - Iskenderun's Mystic Blast      Conjuration                  4
   f - Iskenderun's Battlesphere      Conjuration/Charms           5
Comestibles
 p - 2 bread rations
 B - a chunk of flesh


   Skills:
 + Level 1.2(1.0) Maces & Flails
 + Level 5.0(4.7) Dodging
 + Level 5.3(5.1) Stealth
 + Level 4.4(4.2) Spellcasting
 * Level 7.5(7.3) Conjurations


You had 5 spell levels left.
You knew the following spells:

 Your Spells              Type           Power        Failure   Level  Hunger
a - Magic Dart            Conj           ####         1%          1    None
b - Searing Ray           Conj           #####.       1%          2    #......
c - Dazzling Spray        Conj/Hex       ###.....     10%         3    ##.....
d - Iskenderun's Mystic   Conj           #####...     8%          4    ####...


Dungeon Overview and Level Annotations

Branches:
Dungeon (7/15)             Temple (0/1) D:5

Shops:
D:4 !


Innate Abilities, Weirdness & Mutations

You have an increased reservoir of magic (+10% MP).
Your attributes are resistant to harm.


Message History

Unknown command.
Unknown command.
Drink which item? (? for menu, Esc to quit)
Okay, then.
The orc warrior misses you.
Your magical contamination has completely faded away.
Casting: Dazzling Spray
Confirm with . or Enter, or press ? or * to list all spells.
Aiming: Dazzling Spray
Press: ? - help, Shift-Dir - straight line, f/p - orc warrior
Aim: an orc warrior, wielding a war axe and wearing a chain mail (almost dead)
The spray of energy hits the orc warrior.
The orc warrior is almost dead.
The orc warrior hits you with a war axe.
* * * LOW HITPOINT WARNING * * *
Unknown command.
Unknown command.
There is a stone staircase leading up here.
The orc warrior hits you with a war axe!
You die...

....#......#
.<..##############
................>#
....############.#
....# #.# ....#
#.# ....# #.#
##### #o# #@# ###


You could see an orc warrior.

Vanquished Creatures
  Prince Ribbit (D:5)
  Eustachio (D:5)
  The ghost of derrpe the Cutter, an amateur HaSk of Ashenzari (D:3)
  An eye of draining (D:7)
  2 ice beasts
  A centaur (D:5)
  A giant frog (D:6)
  A scorpion (D:5)
  4 crimson imps
  A hound (D:7)
  2 jellies (D:5)
  A gnoll shaman (D:7)
  4 orc priests
  2 iguanas
  6 orc wizards
  3 worker ants
  A hound zombie (D:5)
  A hound skeleton (D:7)
  3 worker ant zombies
  4 gnolls (D:7)
  5 adders
  2 oozes
  2 worms
  4 giant geckos
  16 orcs
  A ball python (D:1)
  8 bats
  A goblin (D:2)
  5 hobgoblins
  3 jackals (D:5)
  5 giant cockroaches
  3 giant newts
  5 kobolds
  4 rats
105 creatures vanquished.

Notes
Turn   | Place    | Note
--------------------------------------------------------------
     0 | D:1      | inmateoo the Demigod Conjurer began the quest for the Orb.
     0 | D:1      | Reached XP level 1. HP: 14/14 MP: 5/5
   254 | D:1      | Reached XP level 2. HP: 20/20 MP: 1/7
   446 | D:1      | Learned a level 2 spell: Searing Ray
  1327 | D:2      | Reached XP level 3. HP: 26/26 MP: 5/8
  1349 | D:2      | Found a stormy altar of Qazlal.
  1349 | D:2      | Found an iron altar of Okawaru.
  1351 | D:2      | Found a radiant altar of Vehumet.
  1412 | D:2      | Reached skill level 4 in Conjurations
  1422 | D:2      | Found a faded altar to an unknown god.
  1703 | D:3      | Found a blossoming altar of Fedhas.
  2176 | D:3      | Reached XP level 4. HP: 27/33 MP: 1/10
  2335 | D:3      | Noticed derrpe's ghost (amateur HaSk)
  2347 | D:3      | Killed derrpe's ghost
  2347 | D:3      | Reached XP level 5. HP: 38/38 MP: 0/12
  2792 | D:4      | Found Upsahus's Distillery.
  2795 | D:4      | Bought a potion of heal wounds for 60 gold pieces
  2795 | D:4      | Bought a potion of heal wounds for 60 gold pieces
  2891 | D:4      | Learned a level 3 spell: Dazzling Spray
  3168 | D:5      | Entered Level 5 of the Dungeon
  3172 | D:5      | Noticed Eustachio
  3173 | D:5      | Found an ancient bone altar of Kikubaaqudgha.
  3272 | D:5      | Noticed Prince Ribbit
  3314 | D:5      | Killed Prince Ribbit
  3314 | D:5      | Reached skill level 5 in Conjurations
  3314 | D:5      | Reached XP level 6. HP: 7/45 MP: 3/13
  3347 | D:5      | HP: 1/45 [centaur/arrow (11)]
  3874 | D:5      | Reached XP level 7. HP: 50/50 MP: 11/15
  3877 | D:5      | Noticed an ice beast
  3904 | D:5      | Killed an ice beast
  4007 | D:5      | Reached skill level 6 in Conjurations
  4046 | D:5      | Learned a level 4 spell: Iskenderun's Mystic Blast
  4204 | D:5      | Found a sacrificial altar of Ru.
  4574 | D:5      | Killed Eustachio
  4682 | D:5      | Found a staircase to the Ecumenical Temple.
  4947 | D:6      | Reached XP level 8. HP: 51/57 MP: 17/17
  5476 | D:6      | Found a shattered altar of Ashenzari.
  5476 | D:6      | Found a basalt altar of Yredelemnul.
  5554 | D:7      | Reached skill level 7 in Conjurations
  5684 | D:7      | Reached skill level 5 in Stealth
  5962 | D:7      | Reached skill level 1 in Maces & Flails
  6467 | D:7      | Reached skill level 5 in Dodging
  6564 | D:7      | Mangled by an orc warrior

Vault maps used:
D:1:      dpeg_arrival_long_road, hangedman_decor_lopped
D:2:      nicolae_overflow_hidden_temple, ecumenical_altar_2
D:3:      wad_pebble_path, overflow_temple_1_default
D:4:      first_bread, serial_shops, nicolae_shop_window_shopping
D:5:      hangedman_ru_absence, temple_hall, basic_altar, uniq_prince_ribbit1,
          uniq_eustachio
D:6:      amethyst_overflow_temple_binary, kennysheep_generic_room_2
D:7:      minmay_flawed_box

Action                   |  1- 3 |  4- 6 |  7- 9 || total
-------------------------+-------+-------+-------++-------
Melee: Unarmed           |     7 |       |       ||     7
       Mace              |    14 |    57 |    19 ||    90
       Falchion          |       |     7 |    15 ||    22
       Dagger            |       |       |    18 ||    18
       Morningstar       |       |       |    42 ||    42
 Cast: Magic Dart        |    60 |     6 |    21 ||    87
       Searing Ray       |     4 |    10 |    22 ||    36
       Dazzling Spray    |       |     5 |    10 ||    15
  Use: Scroll            |     5 |     4 |     6 ||    15
       Potion            |       |     3 |     1 ||     4
 Stab: Sleeping          |     1 |       |     6 ||     7
       Distracted        |       |     1 |     1 ||     2
  Eat: Chunk             |     3 |     2 |     9 ||    14
       Bread ration      |     1 |       |       ||     1
       Royal jelly       |       |       |     1 ||     1
